 Dungeon Crawl Stone Soup version 0.25-a0-482-g9b3b753f3f (webtiles) character file.

Game seed: 18188957659697617926, levelgen mode: deterministic

256 Notrik the Skirmisher (level 6, 0/56 HPs)
             Began as a Hill Orc Fighter on Feb 10, 2020.
             Slain by a slave (7 damage)
             ... led by Pikel
             ... on level 4 of the Dungeon.
             The game lasted 00:04:04 (2581 turns).

Notrik the Skirmisher (Hill Orc Fighter)            Turns: 2581, Time: 00:04:05

Health: 0/56       AC:  3    Str: 21    XL:     6   Next: 15%
Magic:  6/6        EV:  7    Int:  8    God:
Gold:   212        SH:  9    Dex: 10    Spells: 5/5 levels left

rFire    . . .     SeeInvis .   a - +0 war axe
rCold    . . .     Gourm    .   c - +0 shield
rNeg     . . .     Faith    .   b - +0 scale mail
rPois    .         Spirit   .   (no helmet)
rElec    .         Reflect  .   (no cloak)
rCorr    .         Harm     .   (no gloves)
MR       .....                  (no boots)
Stlth    ..........             (no amulet)
HPRegen  0.18/turn              (no ring)
MPRegen  0.10/turn              (no ring)

@: corroded
A: no striking features
a: no special abilities


You were on level 4 of the Dungeon.
You were hungry.

You visited 1 branch of the dungeon, and saw 4 of its levels.

You collected 212 gold pieces.

Inventory:

Hand Weapons
 a - a +0 war axe (weapon)
Missiles
 x - a throwing net (quivered) {!f}
Armour
 b - a +0 scale mail (worn)
 c - a +0 shield (worn)
 g - a +0 cloak
   (You found it on level 1 of the Dungeon)
 o - a +0 hat
   (You found it on level 1 of the Dungeon)
Jewellery
 m - a +2 ring of dexterity {unknown}
   (You found it on level 1 of the Dungeon)
 t - an uncursed ring of protection from fire {unknown}
   (You found it on level 3 of the Dungeon)
Wands
 u - a wand of paralysis (4)
   (You took it off Ijyb on level 4 of the Dungeon)
Scrolls
 f - 5 scrolls of identify {unknown}
 h - 2 scrolls of random uselessness {unknown}
 k - 4 scrolls of fog {unknown}
 l - 2 scrolls of remove curse {unknown}
 n - a scroll of blinking {unknown}
 p - a scroll of enchant armour {unknown}
 r - 2 scrolls of teleportation {unknown}
 s - a scroll of immolation {unknown}
 v - a scroll of magic mapping {unknown}
Potions
 d - 3 potions of might
 i - 4 potions of heal wounds {unknown}
 j - 2 potions of curing {unknown}
 q - a potion of cancellation {unknown}
 w - a potion of flight {unknown}
 A - a potion of agility {unknown}
Comestibles
 e - 6 rations {!d}


   Skills:
 + Level 5.1 Fighting
 + Level 4.6 Axes
 + Level 4.6 Armour
 + Level 4.6 Shields


You had 5 spell levels left.
You didn't know any spells.
Your spell library contained the following spells:

 Spells                   Type           Power        Failure   Level  Hunger
 Beastly Appendage        Tmut           #.....       99%         1    ##.....
 Sticks to Snakes         Tmut           #.......     100%        2    ###....
 Spider Form              Tmut/Pois      #.........   100%        3    ####...
 Ice Form                 Ice/Tmut       #.......     100%        4    #####..
 Blade Hands              Tmut           #.........   100%        5    ######.


Dungeon Overview and Level Annotations

Branches:
Dungeon (4/15)
 Temple: D:4-7

Altars:
Ru

Annotations:
D:4 Pikel


Message History

No target in view!
No target in view!
No target in view!
No target in view!
No target in view!
No target in view!
No target in view!
You start resting.
The slave is too close now for your liking.
You start resting.
Some of the chunks of flesh in your inventory have rotted away.
You start waiting.
All of the chunks of flesh in your inventory have rotted away.
Done waiting.
The slave shouts!
Found a stone staircase leading down.
The slave shouts!
The slave hits you but does no damage.
Pikel says, "You'll fetch a fair price!"
You slash the slave! You hit Pikel.
Pikel hits you with a +0 whip of freezing!
Pikel freezes you. The slave closely misses you.
You barely miss the slave. You closely miss Pikel.
Pikel hits you with a +0 whip of freezing.
Pikel freezes you. The slave closely misses you.
Pikel hits you but does no damage.
You hit the slave. You closely miss the slave. You closely miss Pikel.
You hit the slave. The slave hits you. You block the slave's attack.
The slave hits you. Pikel hits you but does no damage.
The slave barely misses you. The slave closely misses you.
You barely miss the slave. You slash the slave! You closely miss Pikel.
You barely miss the slave. The slave completely misses you.
Pikel zaps a wand.
The bolt of acid hits you! The acid corrodes you!
You are splashed with acid!
* * * LOW HITPOINT WARNING * * *
The slave completely misses you.
You slash Pikel! You closely miss the slave. You slash the slave!
You hit the slave. x2
You are feeling hungry.
You block Pikel's attack. You block the slave's attack. The slave hits you.
* * * LOW HITPOINT WARNING * * *
The slave hits you.
* * * LOW HITPOINT WARNING * * *
The slave barely misses you.
You closely miss Pikel. You closely miss the slave.
You completely miss the slave. You hit the slave. You miss the slave.
Pikel closely misses you. The slave hits you.
* * * LOW HITPOINT WARNING * * *
You block the slave's attack. The slave hits you!
You die...

......#### ..#. #.#
.........#### # .... ...
......##.)..# #.#...##.#
......##.##.# ###.##.....##
......##)##.###...........#
.[....##.##.#...##......#
......##......####..<...#
......######....pp......#
......# #.....#@K.........#
#####.# #.###.#pp.....#...#
# ... #. #........). p$# .
## . ##..#!....#. .# . ..
....>.....#.. . #.
.....####.. .. .. ......# #
.......# ...>....#


You could see Pikel and 4 slaves.

Vanquished Creatures
  A hound (D:2)
  Ijyb (D:4)
  An iguana (D:4)
  An orc wizard (D:4)
  4 gnolls
  3 adders
  An ooze (D:1)
  3 worms
  A dart slug (D:1)
  4 leopard geckos
  5 orcs (D:4)
  3 giant cockroaches
  7 goblins
  6 hobgoblins
  7 kobolds
  A quokka (D:2)
  6 bats
  5 frilled lizards
  A jackal skeleton (D:4)
  7 rats
68 creatures vanquished.

Notes
Turn   | Place    | Note
-------+----------+-------------------------------------------
     0 | D:1      | Notrik the Hill Orc Fighter began the quest for the Orb.
     0 | D:1      | Reached XP level 1. HP: 19/19 MP: 1/1
    36 | D:1      | Reached XP level 2. HP: 20/27 MP: 2/2
   366 | D:1      | Reached skill level 4 in Fighting
   398 | D:1      | Reached XP level 3. HP: 33/33 MP: 3/3
   734 | D:2      | Reached XP level 4. HP: 37/40 MP: 4/4
  1253 | D:3      | Reached XP level 5. HP: 19/47 MP: 5/5
  1486 | D:2      | Found a sacrificial altar of Ru.
  2115 | D:4      | Noticed Pikel
  2115 | D:4      | Noticed a slave
  2115 | D:4      | Noticed a slave
  2115 | D:4      | Noticed a slave
  2115 | D:4      | Noticed a slave
  2145 | D:4      | Noticed Ijyb
  2145 | D:4      | Paralysed by Ijyb for 6 turns
  2162 | D:4      | Paralysed by Ijyb for 2 turns
  2168 | D:4      | Paralysed by Ijyb for 2 turns
  2171 | D:4      | Killed Ijyb
  2291 | D:4      | Reached skill level 5 in Fighting
  2291 | D:4      | Reached XP level 6. HP: 42/56 MP: 6/6
  2581 | D:4      | Slain by a slave

Levels and vault maps discovered:
D:1:      saegor_arrival_simple_e, layout_rooms, minmay_tromino_v4_a
D:2:      layout_basic, lemuel_round_altar
D:3:      layout_basic
D:4:      layout_rooms, uniq_ijyb, uniq_crazy_yiuf_cottage, uniq_pikel

Skill      XL: |  1  2  3  4  5 |
---------------+----------------+-----
Axes           | 3 4 |  4.6
Fighting       | 4 5 |  5.1
Shields        | 4 |  4.6
Armour         | 4 |  4.6

Action                   |  1- 3 |  4- 6 || total
-------------------------+-------+-------++-------
Melee: War axe           |    98 |   159 ||   257
  Eat: Chunk             |       |     2 ||     2
       Ration            |       |     1 ||     1
Armor: Scale mail        |    48 |    84 ||   132
Dodge: Dodged            |    46 |    50 ||    96
Block: Shield            |    68 |    89 ||   157

Table legend:
 A = Non-vault XP
 B = Vault XP
 C = Vault XP percentage of total XP
 D = Non-vault monster count
 E = Vault monster count
 F = Vault count percentage of total count
                 A         B        C        D         E       F
            +---------+---------+-------+---------+---------+-------
      Total |     328 |      38 |  10.4 |      66 |       2 |   2.9
            +---------+---------+-------+---------+---------+-------
        D:1 |      47 |       2 |   4.1 |      24 |       1 |   4.0
        D:2 |     111 |       0 |   0.0 |      18 |       0 |   0.0
        D:3 |      67 |       0 |   0.0 |      14 |       0 |   0.0
        D:4 |     103 |      36 |  25.9 |      10 |       1 |   9.1
            +---------+---------+-------+---------+---------+-------
